 Dungeon Crawl Stone Soup version 0.21-a0 (webtiles) character file.

65 Lexie the Firebug (level 4, -2/27 HPs)
             Began as an Octopode Fire Elementalist on May 19, 2017.
             Slain by an adder (3 damage)
             ... on level 2 of the Dungeon.
             The game lasted 00:02:46 (2092 turns).

Lexie the Firebug (Octopode Fire Elementalist)      Turns: 2092, Time: 00:02:47

Health: -2/27      AC:  1    Str:  4 (7)  XL:     4   Next: 13%
Magic:  2/8        EV: 13    Int: 16 (18) God:
Gold:   58         SH:  0    Dex: 11 (12) Spells: 2/8 levels left

rFire    . . .     SeeInvis .   c - +0 dagger
rCold    . . .     Gourm    .   (no shield)
rNeg     . . .     Faith    .   (helmet restricted)
rPois    .         Spirit   .   (no amulet)
rElec    .         Reflect  .   (no ring)
rCorr    .         Harm     .   (no ring)
MR       .....                  (no ring)
Stlth    +++.......             (no ring)
Regen    0.1/turn               (no ring)
MPRegen  0.2/turn               (no ring)
                                (no ring)
                                (no ring)

@: lethally poisoned (-2 -> -11), very slightly contaminated
A: almost no armour, stealthy swim, amphibious, 8 rings, constrict 8, camouflage
1, gelatinous body 1
a: no special abilities


You were on level 2 of the Dungeon.
You were not hungry.

You visited 1 branch of the dungeon, and saw 2 of its levels.

You collected 58 gold pieces.

Inventory:

Hand Weapons
 c - a +0 dagger (weapon)
Jewellery
 n - an uncursed ring of wizardry {unknown}
Scrolls
 d - 2 scrolls of identify {unknown}
 e - 3 scrolls of recharging {unknown}
 f - a scroll of teleportation {unknown}
 m - a scroll of remove curse {unknown}
Potions
 g - a potion of might {unknown}
 l - a potion of berserk rage {unknown}
Books
 a - a book of Flames

   Spells                             Type                      Level
   a - Flame Tongue                   Conjuration/Fire             1
   b - Throw Flame                    Conjuration/Fire             2
   c - Conjure Flame                  Conjuration/Fire             3
   d - Inner Flame                    Hexes/Fire                   3
   e - Sticky Flame                   Conjuration/Fire             4
   f - Fireball                       Conjuration/Fire             5
Comestibles
 b - a bread ration
 h - 3 fruits
 i - 2 chunks of flesh
 j - a royal jelly


   Skills:
 - Level 2.0 Dodging
 - Level 2.6 Stealth
 * Level 2.9 Spellcasting
 * Level 2.3 Conjurations
 + Level 3.5 Fire Magic


You had 2 spell levels left.
You knew the following spells:

 Your Spells              Type           Power        Failure   Level  Hunger
a - Flame Tongue          Conj/Fire      ##...        5%          1    #......
b - Throw Flame           Conj/Fire      ##....       9%          2    ##.....
c - Conjure Flame         Conj/Fire      ##......     17%         3    ###....


Dungeon Overview and Level Annotations

Branches:
Dungeon (2/15)

Altars:
Nemelex Xobeh


Innate Abilities, Weirdness & Mutations

You cannot wear most types of armour.
You are very stealthy in the water. (Stealth+)
You are amphibious.
You can wear up to eight rings at the same time.
You can use your tentacles to constrict eight enemies at once.
Your skin changes colour to match your surroundings (Stealth+).
Your rubbery body absorbs attacks. (AC +1, EV +1)


Message History

Aim: an adder (moderately wounded)
You miscast Flame Tongue.
Nothing appears to happen.
You feel sick. The adder bites you.
Casting: Flame Tongue
Confirm with . or Enter, or press ? or * to list all spells.
Aiming: Flame Tongue
Press: ? - help, Shift-Dir - straight line, f/p - adder
Aim: an adder (moderately wounded)
The flame tongue hits the adder.
The adder appears unharmed.
The adder is moderately wounded.
You feel sick. The adder bites you.
* * * LOW HITPOINT WARNING * * *
The adder bites you.
* * * LOW HITPOINT WARNING * * *
It was a potion of degeneration.
There was something very wrong with that liquid.
You feel weakened.
You feel dopey.
You feel clumsy.
* * * LOW HITPOINT WARNING * * *
You feel sick. The adder bites you.
You die...

#. ############ .#.## ...........
....## ..........# ####.#...
.....)....+ ....#...
......S...########......
#......@.........+......
#.........#......#......
#..#.................... ...
#..#.####............... ..
........#...............
####'#+#..#.##.................
♣.........#.###................ ≈
♣.........#....................
≈≈♣.........#....................


You could see an adder.

Vanquished Creatures
  2 adders (D:2)
  An ooze (D:1)
  A worm (D:2)
  2 dart slugs (D:1)
  2 leopard geckos
  4 bats (D:1)
  3 giant cockroaches
  2 goblins
  6 hobgoblins
  5 kobolds (D:1)
  A ball python (D:1)
  2 frilled lizards (D:1)
  2 rats
33 creatures vanquished.

Notes
Turn   | Place    | Note
-------+----------+-------------------------------------------
     0 | D:1      | Lexie the Octopode Fire Elementalist began the quest for the Orb.
     0 | D:1      | Reached XP level 1. HP: 11/11 MP: 3/3
   544 | D:2      | Reached XP level 2. HP: 12/17 MP: 0/5
   931 | D:1      | Reached XP level 3. HP: 16/21 MP: 0/6
   935 | D:1      | Learned a level 2 spell: Throw Flame
   939 | D:1      | Learned a level 3 spell: Conjure Flame
  1921 | D:2      | Reached XP level 4. HP: 27/27 MP: 4/8
  2027 | D:2      | Found a sparkling altar of Nemelex Xobeh.
  2092 | D:2      | HP: 1/27 [poisoned by an adder]
  2092 | D:2      | Slain by an adder

Vault maps used:
D:1:      dpeg_arrival_renting, kennysheep_boxes
D:2:      serial_bayou, serial_bayou_ford_a, serial_bayou_crossing,
          serial_bayou_lake_a, serial_bayou_pond_e, wad_floor_pattern_1,
          nemelex_lonely_heart_becter

Skill      XL: |  1  2  3 |
---------------+----------+-----
Conjurations   | 2 |  2.3
Dodging        | |  2.0
Stealth        | |  2.6
Spellcasting   | |  2.9
Fire Magic     | |  3.5

Action                   |  1- 3 |  4- 6 || total
-------------------------+-------+-------++-------
Melee: Unarmed           |     8 |       ||     8
       Constrict         |     5 |       ||     5
       Dagger            |    10 |       ||    10
       Tentacles         |     3 |       ||     3
 Cast: Flame Tongue      |    67 |     5 ||    72
  Use: Potion            |       |     1 ||     1
  Eat: Chunk             |     3 |     1 ||     4
Armor: Skin              |    12 |       ||    12
Dodge: Dodged            |    67 |       ||    67
